 Dungeon Crawl Stone Soup version 0.27-a0-553-ge0ab5a2769 (webtiles) character file.

Game seed: 2769204044194059606

591 Gaff the Stinger (level 7, -3/46 HPs)
             Began as a Demonspawn Venom Mage on Mar 8, 2021.
             Slain by a water moccasin (6 damage)
             ... on level 5 of the Dungeon.
             The game lasted 00:15:03 (5665 turns).

Gaff the Stinger (Demonspawn Venom Mage)            Turns: 5665, Time: 00:15:04

Health: -3/46      AC:  6    Str:  9    XL:     7   Next: 16%
Magic:  10/14      EV: 12    Int: 18    God:
Gold:   225        SH:  0    Dex: 13    Spells: 9/16 levels left

rFire    . . .     SeeInvis .   G - -2 triple sword
rCold    . . .     Faith    .   (shield currently unavailable)
rNeg     . . .     Spirit   .   a - +0 robe
rPois    .         Reflect  .   F - +0 helmet
rElec    .         Harm     .   A - +1 cloak
rCorr    .         Rampage  .   (no gloves)
Will     .....                  (no boots)
Stlth    ++........             (no amulet)
HPRegen  0.15/turn              (no ring)
MPRegen  0.14/turn              (no ring)

@: lethally poisoned (-3 -> -15)
A: hooves 2, demonic guardian 1, foul stench 1, sharp scales 1
a: no special abilities


You were on level 5 of the Dungeon.
You visited 1 branch of the dungeon, and saw 5 of its levels.

You collected 226 gold pieces.
You spent 1 gold pieces at shops.

Inventory:

Hand Weapons
 d - a +0 whip
 f - a +0 spear
 k - a +0 dagger
 m - a +0 short sword
 x - a +0 mace
 D - a +1 dagger of venom
 G - a -2 triple sword (weapon)
 H - a +1 flail of protection
Missiles
 B - 7 atropa-tipped darts
Armour
 a - a +0 robe (worn)
 A - a +1 cloak (worn)
 F - a +0 helmet (worn)
Jewellery
 l - a ring of fire
 E - a ring of ice
Wands
 C - a wand of random effects (14)
Scrolls
 b - a scroll of magic mapping {unknown}
 c - a scroll of fog {unknown}
 h - 6 scrolls of immolation
 n - 2 scrolls of random uselessness {unknown}
 o - 2 scrolls of amnesia {unknown}
 p - a scroll of enchant weapon {unknown}
 q - 3 scrolls of teleportation
 s - a scroll of noise
 y - a scroll of enchant armour {unknown}
 z - 2 scrolls of identify
Potions
 e - a potion of magic {unknown}
 g - a potion of attraction {unknown}
 i - 2 potions of might
 j - a potion of curing
 r - a potion of berserk rage {unknown}
 t - a potion of haste {unknown}
 u - a potion of ambrosia
 v - a potion of flight
 w - 2 potions of cancellation


   Skills:
 + Level 0.2 Long Blades
 - Level 1.9 Dodging
 - Level 1.8 Stealth
 + Level 5.0 Spellcasting
 - Level 1.0 Transmutations
 - Level 2.1 Air Magic
 + Level 5.7 Poison Magic
 + Level 0.1 Evocations


You had 9 spell levels left.
You knew the following spells:

 Your Spells              Type           Power      Damage    Failure   Level
a - Sting                 Tmut/Pois      64%        1d6       3%          1
b - Poisonous Vapours     Pois/Air       36%        N/A       4%          2
c - Olgreb's Toxic Radia  Pois           25%        N/A       12%         4

Your spell library contained the following spells:

 Spells                   Type           Power      Damage    Failure   Level
 Mephitic Cloud           Conj/Pois/Air  14%        N/A       14%         3
 Ignite Poison            Fire/Tmut/Pois 12%        N/A       16%         3


Dungeon Overview and Level Annotations

Branches:
Dungeon (5/15)
 Temple: D:4-7

Altars:
Sif Muna
The Shining One

Shops:
D:5 *

Annotations:
D:5 Dowan, Menkaure


Innate Abilities, Weirdness & Mutations

You have hoof-like feet.
A weak demonic guardian rushes to your aid.
You may rarely emit foul miasma when damaged in melee.
You are partially covered in razor-sharp scales. (AC +1, Slay +1)


Message History

* * * LOW HITPOINT WARNING * * *
You feel sick.
The water moccasin bites you but does no damage.
It was a potion of curing.
You feel better. The water moccasin closely misses you.
Casting: Sting (safe; 3% risk of failure)
Confirm with . or Enter, or press ? or * to list all spells.
Aiming: Sting (safe; 3% risk of failure)
Press: ? - help, Shift-Dir - straight line, f/p - water moccasin
Aim: a water moccasin (severely wounded, 43% to evade)
The sting hits the water moccasin but does no damage.
The water moccasin is poisoned.
The water moccasin is severely wounded.
The water moccasin bites you but does no damage.
The water moccasin bites you!
* * * LOW HITPOINT WARNING * * *
You are lethally poisoned!
The water moccasin poisons you!
Casting: Sting (safe; 3% risk of failure)
Confirm with . or Enter, or press ? or * to list all spells.
Aiming: Sting (safe; 3% risk of failure)
Press: ? - help, Shift-Dir - straight line, f/p - water moccasin
Aim: a water moccasin (severely wounded, poisoned, 43% to evade)
The sting hits the water moccasin.
The water moccasin partially resists.
The water moccasin is almost dead.
* * * LOW HITPOINT WARNING * * *
You feel sick.
The water moccasin bites you but does no damage.
Casting: Sting (safe; 3% risk of failure)
Confirm with . or Enter, or press ? or * to list all spells.
Aiming: Sting (safe; 3% risk of failure)
Press: ? - help, Shift-Dir - straight line, f/p - water moccasin
Aim: a water moccasin (almost dead, poisoned, 43% to evade)
The sting hits the water moccasin.
The water moccasin partially resists.
The water moccasin is almost dead.
* * * LOW HITPOINT WARNING * * *
You feel sick. The water moccasin bites you.
* * * LOW HITPOINT WARNING * * *
A demonic guardian appears!
The water moccasin bites you.
You die...

################
########
########[..............
#......#
#.....@S5..............
#.####.#
#.#####################
#[# #[###.#....# #.#
#.)<#.#.##.# #.#
#####.#..#.# #.#
#......# #.# #..#.###
#.# #..#.#
#.########..#.#


You could see a water moccasin (poisoned, ally target) and a friendly white imp
(summoned).

Vanquished Creatures
  Duvessa (D:5)
  3 scorpions (D:4)
  2 orc priests (D:5)
  2 iguanas (D:4)
  3 worker ants (D:4)
  A hound zombie (D:5)
  Robin (D:4)
  An adder (D:5)
  A shadow imp (D:5)
  An adder skeleton (D:4)
  3 worms
  3 dart slugs
  3 leopard geckos
  5 orcs
  6 giant cockroaches
  15 goblins
  9 hobgoblins
  2 jackals (D:3)
  2 quokkas
  3 ball pythons
  3 bats
  3 frilled lizards
  A jackal skeleton (D:4)
  5 kobolds
  A leopard gecko skeleton (D:4)
  A quokka skeleton (D:4)
  6 rats
87 creatures vanquished.

Vanquished Creatures (collateral kills)
  An adder (D:3)
  A dart slug (D:3)
  A goblin (D:2)
3 creatures vanquished.

Grand Total: 90 creatures vanquished

Notes
Turn   | Place    | Note
-------+----------+-------------------------------------------
     0 | D:1      | Gaff the Demonspawn Venom Mage began the quest for the Orb.
     0 | D:1      | Reached XP level 1. HP: 13/13 MP: 3/3
   209 | D:1      | Gained mutation: You are partially covered in razor-sharp
                  | scales. (AC +1, Slay +1) [demonic ancestry]
   209 | D:1      | Reached XP level 2. HP: 19/19 MP: 3/5
   598 | D:1      | Reached skill level 1 in Transmutations
  1007 | D:2      | Gained mutation: A weak demonic guardian rushes to your
                  | aid. [demonic ancestry]
  1007 | D:2      | Reached XP level 3. HP: 24/24 MP: 1/6
  1116 | D:2      | Learned a level 2 spell: Poisonous Vapours
  2158 | D:3      | Gained mutation: You have large cloven feet. [demonic
                  | ancestry]
  2158 | D:3      | Reached XP level 4. HP: 24/30 MP: 2/8
  2832 | D:3      | Found a shimmering blue altar of Sif Muna.
  3444 | D:4      | Reached skill level 1 in Air Magic
  3444 | D:4      | Gained mutation: You have hoof-like feet. [demonic
                  | ancestry]
  3444 | D:4      | Reached XP level 5. HP: 35/35 MP: 1/10
  3558 | D:4      | Noticed Robin
  3567 | D:4      | Killed Robin
  3988 | D:4      | Gained mutation: You may rarely emit foul miasma when
                  | damaged in melee. [demonic ancestry]
  3988 | D:4      | Reached XP level 6. HP: 41/41 MP: 6/12
  4355 | D:4      | Reached skill level 5 in Poison Magic
  4772 | D:5      | Entered Level 5 of the Dungeon
  5042 | D:4      | Learned a level 4 spell: Olgreb's Toxic Radiance
  5043 | D:5      | Found Erio's Lightly-Used Armoury.
  5058 | D:5      | Bought a -2 triple sword for 1 gold piece
  5068 | D:5      | Noticed Duvessa
  5069 | D:5      | Noticed Dowan
  5088 | D:5      | Killed Duvessa
  5257 | D:5      | Noticed Menkaure
  5398 | D:4      | Reached XP level 7. HP: 28/46 MP: 6/14
  5537 | D:5      | Reached skill level 5 in Spellcasting
  5665 | D:5      | Slain by a water moccasin

Illustrated notes

Levels and vault maps discovered:
D:1:      lightli_arrival_lavapool, layout_loops_ring
D:2:      layout_basic
D:3:      layout_loops_ring, minmay_misc_feat_secret_circle, led_sif_pool
D:4:      layout_loops_corners, lemuel_coloured_pillars_altar, uniq_robin
D:5:      layout_basic, nicolae_yredelemnul_corpse_copse, minivault_26,
          minmay_shop_damaged, nicolae_qazlal_general_emergency, uniq_duvessa,
          uniq_grinder, uniq_menkaure

Skill      XL: |  1  2  3  4  5  6  7 |
---------------+----------------------+-----
Transmutations | 1 |  1.0
Poison Magic   | 4 5 |  5.7
Spellcasting   | 3 4 5 |  5.0
Air Magic      | 1 2 |  2.1
Long Blades    | |  0.2
Dodging        | |  1.9
Stealth        | |  1.8
Evocations     | |  0.1

Action                   |  1- 3 |  4- 6 |  7- 9 || total
-------------------------+-------+-------+-------++-------
Melee: Unarmed           |     2 |       |       ||     2
       Whip              |    11 |       |       ||    11
       Short sword       |    20 |    46 |       ||    66
       Kick              |       |    16 |     2 ||    18
       Triple sword      |       |     5 |    15 ||    20
 Cast: Sting             |    54 |     2 |     6 ||    62
       Poisonous Vapours |     4 |    52 |     4 ||    60
Evoke: Wand              |       |     2 |       ||     2
  Use: Scroll            |       |     6 |       ||     6
       Potion            |       |       |     1 ||     1
 Stab: Sleeping          |       |     1 |       ||     1
Armor: Robe              |    10 |    13 |     8 ||    31
Dodge: Dodged            |    22 |    36 |    19 ||    77
       Rpst.: Triple sword |       |     3 |     8 ||    11

Table legend: (Time is in decaauts)
 A = Elapsed time spent in this place.
 B = Non-inter-level travel time spent in this place.
 C = Inter-level travel time spent in this place.
 D = Time resting spent in this place.
 E = Time spent auto-exploring this place.
 F = Levels seen in this place.
 G = Mean time per level.
                   A        B        C        D        E       F      G
               +--------+--------+--------+--------+--------+-----+--------+
         Total |   5692 |   5501 |    191 |   1533 |   3033 |   5 | 1138.4 |
       Dungeon |   5692 |   5501 |    191 |   1533 |   3033 |   5 | 1138.4 |
               +--------+--------+--------+--------+--------+-----+--------+

Top non-repeatable levels by time:
     D:4: 2365 daAuts
     D:2: 1170 daAuts
     D:3: 932 daAuts
     D:1: 846 daAuts
     D:5: 378 daAuts
